 Adventure DCSS version bcrawl-1.27.3 (webtiles) character file.

Game seed: 14258649969524449792

157522 galech the Skirmisher (level 4, 36/36 HPs)
             Began as a Demonspawn Fighter on Aug 3, 2020.
             Quit the game on level 2 of the Dungeon.
             The game lasted 00:01:42 (1438 turns).

galech the Skirmisher (Demonspawn Fighter)          Turns: 1438, Time: 00:01:43

Health: 36/36      AC:  7    Str: 22    XL:     4   Next: 34%
Magic:  4/4        EV:  5    Int: 10    God:
Gold:   57         SH:  9    Dex: 13    Spells: 3/3 levels left
                                        Lives:  2   Deaths: 0

rFire    . . .     SeeInvis .   a - +0 war axe
rCold    . . .     Gourm    .   c - +0 medium shield
rNeg     . . .     Faith    .   b - +0 scale mail
rPois    .         Spirit   .   (helmet restricted)
rElec    .         Reflect  .   i - +0 cloak
rCorr    .         Harm     .   (no gloves)
MR       .....                  (no boots)
Stlth    ..........             s - amulet of rage
HPRegen  0.12/turn              o - +6 ring of strength
MPRegen  0.09/turn              (no ring)

@: no status effects
A: antennae 2, claws 1
a: Evoke Berserk Rage


You were on level 2 of the Dungeon.
You were not hungry.

You visited 1 branch of the dungeon, and saw 2 of its levels.

You collected 57 gold pieces.

Inventory:

Hand Weapons
 a - a +0 war axe (weapon)
Armour
 b - a +0 scale mail (worn)
 c - a +0 medium shield (worn)
 i - a +0 cloak (worn)
Jewellery
 o - a +6 ring of strength (left claw)
 s - an amulet of rage (around neck)
Scrolls
 f - a scroll of magic mapping {unknown}
 g - 3 scrolls of identify
 m - 2 scrolls of teleportation {unknown}
 n - a scroll of enchant armour {unknown}
 q - a scroll of noise {unknown}
 r - a scroll of amnesia {unknown}
Potions
 d - a potion of might
 h - a potion of curing {unknown}
 j - a potion of mutation {unknown}
 k - a potion of berserk rage {unknown}
 l - a potion of cancellation {unknown}
Comestibles
 e - 3 rations {!d}
 p - a chunk of flesh


   Skills:
 + Level 3.6 Fighting
 + Level 2.6 Axes
 + Level 3.1 Armour
 + Level 0.9 Dodging
 + Level 0.9 Stealth
 + Level 3.0 Shields


You had 3 spell levels left.
You didn't know any spells.
Your spell library was empty.

Dungeon Overview and Level Annotations

Branches:
Dungeon (2/12)

Altars:

Annotations:
D:2 1 runed door


Innate Abilities, Weirdness & Mutations

You have a pair of antennae on your head.
You have sharp fingernails.


Message History

The worker ant bites you but does no damage.
You slash the worker ant!
You kill the worker ant!
Your Shields skill increases to level 3!
No target in view!
No target in view!
No target in view!
No target in view!
No target in view!
No target in view!
No target in view!
No target in view!
No target in view!
No target in view!
s - a dented platinum amulet A kobold comes into view.
The kobold shouts!
The kobold throws a stone.
The stone hits you but does no damage.
s - an amulet of rage (around neck) Are you sure you want to abandon this character and quit the game? (Confirm with "yes".) #. #. #. #. #. #. #. #######################.
K......@................ ######################## # # # #

You could see a kobold.

Vanquished Creatures
  A worker ant (D:2)
  3 gnolls (D:1)
  An ooze (D:2)
  2 worms (D:2)
  2 ball pythons (D:1)
  2 giant cockroaches
  3 hobgoblins (D:1)
  A jackal (D:2)
  3 bats
  5 frilled lizards (D:1)
  6 kobolds
  5 rats (D:1)
  2 fungi (D:2)
36 creatures vanquished.

Notes
Turn   | Place    | Note
-------+----------+-------------------------------------------
     0 | D:1      | galech the Demonspawn Fighter began the quest for the Orb.
     0 | D:1      | Reached XP level 1. HP: 18/18 MP: 1/1
   228 | D:1      | Gained mutation: You have a pair of small antennae on your
                  | head. [demonic ancestry]
   228 | D:1      | Reached XP level 2. HP: 24/24 MP: 2/2
   716 | D:1      | Gained mutation: You have a pair of antennae on your head.
                  | [demonic ancestry]
   716 | D:1      | Reached XP level 3. HP: 2/29 MP: 3/3
  1072 | D:2      | Found a runed door.
  1319 | D:2      | Gained mutation: You have sharp fingernails. [demonic
                  | ancestry]
  1319 | D:2      | Reached XP level 4. HP: 29/35 MP: 4/4
  1438 | D:2      | Quit the game

Skill      XL: |  1  2  3  4 |
---------------+-------------+-----
Axes           | 2 |  2.6
Armour         | 3 |  3.1
Shields        | 3 |  3.0
Fighting       | |  3.6
Dodging        | |  0.9
Stealth        | |  0.9

Action                   |  1- 3 |  4- 6 || total
-------------------------+-------+-------++-------
Melee: War axe           |   113 |     4 ||   117
  Use: Potion            |     1 |       ||     1
  Eat: Chunk             |     6 |       ||     6
Armor: Scale mail        |    45 |     3 ||    48
Dodge: Dodged            |    26 |       ||    26
Block: Medium shield     |    54 |     2 ||    56
